 Dungeon Sprint DCSS version 0.28-a0-973-ga7f8b01127 (webtiles) character file.

Game seed: 17813508318219972705

409 tatocazan the Spear-Bearer (level 6, -4/61 HPs)
             Began as a Hill Orc Fighter on Dec 1, 2021.
             Was a Follower of Okawaru.
             Slain by a vampire (11 damage)
             ... in the Dungeon (Sprint IX: "|||||||||||||||||||||||||||||").
             The game lasted 00:02:07 (784 turns).

tatocazan the Spear-Bearer (Hill Orc Fighter)        Turns: 784, Time: 00:02:07

Health: -4/61      AC: 14    Str: 21    XL:     6   Next: 89%
Magic:  9/9        EV:  9    Int:  8    God:    Okawaru [*.....]
Gold:   0          SH:  0    Dex: 10    Spells: 5/5 levels left

rFire   . . .      SeeInvis .   m - +2 halberd (venom)
rCold   . . .      Faith    .   (shield currently unavailable)
rNeg    . . .      Spirit   .   p - +1 chain mail
rPois   .          Reflect  .   n - +0 helmet
rElec   .          Harm     .   (no cloak)
rCorr   .          Rampage  .   (no gloves)
Will    .....      NoTele   +   o - +0 pair of boots
Stlth   ..........              (no amulet)
HPRegen 0.20/turn               (no ring)
MPRegen 0.11/turn               (no ring)

@: hasted, very quick
A: no striking features
a: Renounce Religion, Heroism


You were in the Dungeon.
You worshipped Okawaru.
Okawaru was aware of your devotion.
You visited 1 branch

Inventory:

Hand Weapons
 a - a +0 trident
 m - a +2 halberd of venom (weapon)
Armour
 b - a +0 scale mail
 c - a +0 buckler
 n - a +0 helmet (worn)
 o - a +0 pair of boots (worn)
 p - a +1 chain mail (worn)
Jewellery
 q - a +3 ring of strength
 r - a +3 ring of strength
Wands
 l - a wand of iceblast (10)
Scrolls
 j - 2 scrolls of blinking
 k - 2 scrolls of amnesia
Potions
 d - a potion of might
 e - 5 potions of curing
 h - 4 potions of magic
 i - a potion of invisibility


   Skills:
 + Level 8.2 Fighting
 * Level 8.3 Polearms
 + Level 7.6 Armour
 + Level 3.2 Dodging
 + Level 7.5 Shields
 + Level 5.0 Invocations


You had 5 spell levels left.
You didn't know any spells.
Your spell library was empty.

Dungeon Overview and Level Annotations

Branches:
Dungeon (1/1)

Altars:
Cheibriados
Dithmenos
Elyvilon
Fedhas
Gozag
Hepliaklqana
Kikubaaqudgha
Makhleb
Nemelex Xobeh
Okawaru
Qazlal
Ru
Sif Muna
Trog
Uskayaw
Vehumet
Wu Jian
Xom
Yredelemnul
Zin
The Shining One
Beogh
Jiyva
Lugonu


Message History

Your chain mail prevents you from hitting something.
The kobold demonologist gestures wildly while chanting.
You hear some strange, mumbled words.
Something tries to affect you, but you resist.
You miss something. You slash something! Something hits you.
Something bites you!
Something draws strength from your injuries!
You take 14 damage, and have 36/61 hp.
MASSIVE DAMAGE!!
You barely miss something. Something hits you but does no damage.
Something bites you but does no damage.
You miss something. Something hits you. Something bites you!
Something draws strength from your injuries!
You take 11 damage, and have 25/61 hp.
You barely miss something. You impale something!!
The deep elf pyromancer mumbles some strange words.
Something hits you but does no damage. Something bites you!
* * * LOW HITPOINT WARNING * * *
Something draws strength from your injuries!
You take 7 damage, and have 18/61 hp.
You feel much better. Something draws life force from you!!
* * * LOW HITPOINT WARNING * * *
You take 4 damage, and have 14/61 hp.
You closely miss something. You miss something.
The deep elf pyromancer gestures wildly while chanting.
The deep elf pyromancer blinks!
Something hits you but does no damage. Something bites you but does no damage.
You miss something.
The deep elf pyromancer gestures wildly while chanting.
The deep elf pyromancer blinks!
Something hits you.
* * * LOW HITPOINT WARNING * * *
Something bites you.
* * * LOW HITPOINT WARNING * * *
Something draws strength from your injuries!
You take 6 damage, and have 8/61 hp.
You hit something. Something hits you.
* * * LOW HITPOINT WARNING * * *
Something bites you!
You die...

▓5▓
▓.▓
▓K▓
▓D▓
▓y▓
▓W▓
▓{▓
▓@▓
▓e▓
▓.▓
▓.▓
▓.▓
▓)▓
▓'▓
▓.▓
▓.▓


You could see a deep elf pyromancer, a kobold demonologist, a wraith, an acid
dragon, a vampire mosquito and an iron imp (summoned).

Vanquished Creatures
  A yak (D)
  An orc warrior (D)
  A centaur (D)
  A howler monkey (D)
  A hound (D)
  A gnoll shaman (D)
  A shadow imp (D)
  A bat skeleton (D)
  A bat zombie (D)
  An endoplasm (D)
  2 goblins (D)
  2 ball pythons (D)
  A giant cockroach zombie (D)
15 creatures vanquished.

Vanquished Creatures (others)
  An unseen horror (D)
1 creature vanquished.

Grand Total: 16 creatures vanquished

Notes
Turn   | Place    | Note
-------+----------+-------------------------------------------
     0 | D        | tatocazan the Hill Orc Fighter began the quest for the Orb.
     0 | D        | Reached XP level 1. HP: 19/19 MP: 1/1
   235 | D        | Noticed a hound
   235 | D        | Noticed a howler monkey
   235 | D        | Noticed a gnoll shaman
   239 | D        | Killed a gnoll shaman
   240 | D        | Reached skill level 5 in Fighting
   240 | D        | Reached XP level 2. HP: 29/29 MP: 2/2
   240 | D        | Reached XP level 3. HP: 36/36 MP: 3/3
   245 | D        | Reached skill level 5 in Armour
   245 | D        | Reached skill level 5 in Shields
   245 | D        | Reached XP level 4. HP: 44/44 MP: 4/4
   274 | D        | Reached skill level 5 in Polearms
   495 | D        | Found a roughly hewn altar of Beogh.
   495 | D        | Found a snail-covered altar of Cheibriados.
   495 | D        | Found a shadowy altar of Dithmenos.
   495 | D        | Found a white marble altar of Elyvilon.
   495 | D        | Found a blossoming altar of Fedhas.
   495 | D        | Found an opulent altar of Gozag.
   496 | D        | Found a hazy altar of Hepliaklqana.
   497 | D        | Found a viscous altar of Jiyva.
   498 | D        | Found an ancient bone altar of Kikubaaqudgha.
   499 | D        | Found a corrupted altar of Lugonu.
   500 | D        | Found a burning altar of Makhleb.
   501 | D        | Found a sparkling altar of Nemelex Xobeh.
   502 | D        | Found an iron altar of Okawaru.
   503 | D        | Found a stormy altar of Qazlal.
   504 | D        | Found a sacrificial altar of Ru.
   505 | D        | Found a shimmering blue altar of Sif Muna.
   506 | D        | Found a bloodstained altar of Trog.
   507 | D        | Found a hide-covered altar of Uskayaw.
   508 | D        | Found a radiant altar of Vehumet.
   509 | D        | Found an ornate altar of the Wu Jian Council.
   510 | D        | Became a worshipper of Warmaster Okawaru
   511 | D        | Found a shimmering altar of Xom.
   512 | D        | Found a basalt altar of Yredelemnul.
   513 | D        | Found a glowing silver altar of Zin.
   514 | D        | Found a glowing golden altar of the Shining One.
   570 | D        | Noticed a yak
   570 | D        | Noticed an orc warrior
   570 | D        | Noticed a centaur
   575 | D        | Killed an unseen horror
   578 | D        | Killed a centaur
   579 | D        | Reached skill level 1 in Dodging
   579 | D        | Reached XP level 5. HP: 12/52 MP: 4/7
   586 | D        | Killed an orc warrior
   586 | D        | Reached * piety under Okawaru
   587 | D        | Reached XP level 6. HP: 38/61 MP: 4/8
   596 | D        | Killed a yak
   597 | D        | Reached skill level 5 in Invocations
   769 | D        | Noticed a kobold demonologist
   769 | D        | Noticed an acid dragon
   769 | D        | Noticed a deep elf pyromancer
   769 | D        | Noticed a vampire mosquito
   769 | D        | Noticed a wraith
   769 | D        | Noticed a vampire
   784 | D        | Slain by a vampire

Illustrated notes

Levels and vault maps discovered:
D:        linesprint [early_d, line_temple, items_1, d_10, items_2, lair_1,
          lair_end, items_3, orc_1, orc_end, items_4, d_15, swamp_1, shoals_1,
          snake_1, spider_1, d_20, vaults_1, items_5, swamp_end, shoals_end,
          snake_end, spider_end, vaults_end, d_27, items_6, zot_1, zot_end,
          crypt_end, forest_end, elf_end, slime_end, tomb_end, abyss_end,
          pan_hell_end]

Skill      XL: |  1  2  3  4  5  6 |
---------------+-------------------+-----
Fighting       | 5 6 7 8 |  8.2
Polearms       | 4 6 7 8 |  8.3
Armour         | 4 5 6 7 |  7.6
Shields        | 4 5 6 7 |  7.5
Dodging        | 1 2 3 |  3.2
Invocations    | 2 3 5 |  5.0

Action                   |  1- 3 |  4- 6 || total
-------------------------+-------+-------++-------
Melee: Trident           |    23 |    37 ||    60
       Halberd           |       |    33 ||    33
  Use: Potion            |     1 |     4 ||     5
Armor: Scale mail        |     2 |    21 ||    23
       Chain mail        |       |    18 ||    18
Dodge: Dodged            |     7 |    26 ||    33
Block: Buckler           |     2 |    12 ||    14

Table legend: (Time is in decaauts)
 A = Elapsed time spent in this place.
 B = Non-inter-level travel time spent in this place.
 C = Inter-level travel time spent in this place.
 D = Time resting spent in this place.
 E = Time spent auto-exploring this place.
 F = Levels seen in this place.
 G = Mean time per level.
                   A        B        C        D        E       F      G
               +--------+--------+--------+--------+--------+-----+--------+
         Total |    800 |    800 |      0 |    568 |      3 |   1 |  800.0 |
       Dungeon |    800 |    800 |      0 |    568 |      3 |   1 |  800.0 |
               +--------+--------+--------+--------+--------+-----+--------+

Top non-repeatable levels by time:
       D: 800 daAuts
